 Dungeon Crawl Stone Soup version 0.29-a0-234-g0dae59b3db (webtiles) character file.

Game seed: 7527781362134678024

497 enile the Covered (level 6, -3/52 HPs)
             Began as a Demigod Wanderer on Mar 3, 2022.
             Killed from afar by a steam dragon (19 damage)
             ... with a ball of steam
             ... on level 4 of the Dungeon.
             The game lasted 00:09:56 (4983 turns).

enile the Covered (Demigod Wanderer)                Turns: 4983, Time: 00:09:56

Health: -3/52      AC: 12    Str: 19      XL:     6   Next: 61%
Magic:  8/8        EV:  8    Int: 10 (11) God:
Gold:   85         SH:  6    Dex: 17 (18) Spells: 5/5 levels left

rFire   . . .      SeeInvis .   p - +1 eveningstar (holy)
rCold   . . .      Faith    .   l - +1 buckler {AC+3}
rNeg    . . .      Spirit   .   k - +0 chain mail
rPois   .          Reflect  .   (no helmet)
rElec   .          Harm     .   (no cloak)
rCorr   .          Rampage  .   (no gloves)
Will    .....                   (no boots)
Stlth   ..........              (no amulet)
HPRegen 0.17/turn               (no ring)
MPRegen 0.11/turn               (no ring)

@: no status effects
A: high MP 1, forlorn, divine attributes
a: no special abilities


You were on level 4 of the Dungeon.
You visited 1 branch of the dungeon, and saw 4 of its levels.

You collected 173 gold pieces.
You spent 88 gold pieces at shops.

Inventory:

Hand Weapons
 a - a +0 hand crossbow of flaming
 b - a +1 falchion of protection
 i - a +0 short sword
 p - a +1 eveningstar of holy wrath (weapon)
Missiles
 o - 8 poisoned darts (quivered)
Armour
 c - a +0 ring mail
 k - a +0 chain mail (worn)
 l - a +1 buckler of protection (worn)
 m - a +0 pair of gloves
Magical Staves
 n - a staff of earth
Scrolls
 d - 2 scrolls of identify
 f - a scroll of vulnerability
 h - a scroll of enchant weapon
 j - a scroll of magic mapping
Potions
 e - a potion of heal wounds
 g - a potion of flight


   Skills:
 + Level 3.9 Fighting
 - Level 2.0 Crossbows
 - Level 4.0 Armour
 - Level 3.0 Dodging
 - Level 4.0 Shields
 - Level 1.0 Evocations


You had 5 spell levels left.
You didn't know any spells.
Your spell library contained the following spells:

 Spells                   Type           Power      Damage    Failure   Level
 Animate Skeleton         Necr           0%         N/A       99%         1
 Apportation              Tloc           0%         N/A       99%         1
 Summon Small Mammal      Summ           0%         N/A       99%         1
 Call Canine Familiar     Summ           0%         N/A       100%        3
 Portal Projectile        Hex/Tloc       0%         N/A       100%        3
 Tukima's Dance           Hex            0%         N/A       100%        3
 Cause Fear               Hex            0%         N/A       100%        4
 Leda's Liquefaction      Hex/Erth       0%         N/A       100%        4
 Passage of Golubria      Tloc           0%         N/A       100%        4
 Yara's Violent Unravell  Hex/Tmut       0%         3d3       100%        5
 Dragon Form              Tmut           0%         N/A       100%        7
 Dragon's Call            Summ           0%         N/A       100%        9


Dungeon Overview and Level Annotations

Branches:
Dungeon (4/15)             Temple (0/1) D:4

Shops:
D:1 [!=


Innate Abilities, Weirdness & Mutations

You have an increased reservoir of magic. (+10% MP)
You shall have no god before yourself.
Your divine heritage dramatically boosts your attributes as you level up.


Message History

You block the steam dragon's attack.
The steam dragon claws you but does no damage.
The steam dragon barely misses you.
The steam dragon claws you but does no damage.
You hit the steam dragon but do no damage.
The steam dragon is moderately wounded.
The steam dragon closely misses you. You block the steam dragon's attack.
You barely miss the steam dragon.
The steam dragon is moderately wounded.
You block the steam dragon's attack. The steam dragon misses you.
You block the steam dragon's attack.
The steam dragon claws you but does no damage.
You hit the steam dragon but do no damage.
The steam dragon is moderately wounded.
The steam dragon bites you but does no damage.
The steam dragon claws you but does no damage.
You hit the steam dragon.
The steam dragon is moderately wounded.
The steam dragon bites you. You block the steam dragon's attack.
The steam dragon bites you. You block the steam dragon's attack.
You hit the steam dragon.
The steam dragon is heavily wounded.
The steam dragon bites you but does no damage.
The steam dragon barely misses you.
You puncture the steam dragon!
The steam dragon is severely wounded.
The steam dragon breathes steam at you. The ball of steam hits you!
The steam dragon barely misses you. You block the steam dragon's attack.
You hit the steam dragon but do no damage.
The steam dragon is severely wounded.
You are engulfed in a cloud of scalding steam.
The steam dragon bites you but does no damage.
The steam dragon closely misses you.
You hit the steam dragon but do no damage.
The steam dragon is severely wounded.
You are engulfed in a cloud of scalding steam.
The steam dragon breathes steam at you. The ball of steam hits you!!
You die...

#........########...........
#........# #..##..##...
########## #...........
###.###..##..†
#####.#.....>.....
#§.......###...#..
#§###.#..#<#...### #.#
#.#..#.....#.< #@#
#.#..####..#.#
####D###+#..#...†)#..
#.....>.....#.###.###
#......§....#.###....
#.......§§..#.#......
#...........#....#...
#...........#....#...
#..........##....#...
#.!........##....####


You could see a steam dragon (catching breath).

Vanquished Creatures
  An orc warrior (D:3)
  2 scorpions
  Terence (D:2)
  An orc wizard (D:4)
  10 adders
  4 gnolls (D:3)
  A worm (D:3)
  3 dart slugs
  8 orcs
  8 endoplasms
  2 giant cockroaches (D:3)
  4 goblins
  4 hobgoblins
  9 kobolds
  3 quokkas
  13 ball pythons
  11 bats
  6 frilled lizards
  9 rats
100 creatures vanquished.

Vanquished Creatures (others)
  15 plants (D:2)
15 creatures vanquished.

Grand Total: 115 creatures vanquished

Notes
Turn   | Place    | Note
-------+----------+-------------------------------------------
     0 | D:1      | enile the Demigod Wanderer began the quest for the Orb.
     0 | D:1      | enile set off with the following items: a +0 hand crossbow,
                  | a +0 buckler of protection, a +0 ring mail
     0 | D:1      | Reached XP level 1. HP: 14/14 MP: 3/3
    50 | D:1      | Reached skill level 1 in Fighting
    52 | D:1      | Found Viwikyn's Jewellery Shop.
   132 | D:1      | Reached XP level 2. HP: 23/23 MP: 4/4
   198 | D:1      | Found Nybapluc's Distillery.
   206 | D:1      | Bought a potion of lignification for 33 gold pieces
   212 | D:1      | Found Qysutiv's Antique Armour Boutique.
   685 | D:2      | Reached XP level 3. HP: 30/30 MP: 5/5
  1233 | D:2      | Reached XP level 4. HP: 28/38 MP: 6/6
  2365 | D:3      | Noticed Terence
  2796 | D:1      | Bought a potion of heal wounds for 55 gold pieces
  2827 | D:2      | Killed Terence
  2913 | D:3      | Reached XP level 5. HP: 45/45 MP: 7/7
  3664 | D:4      | Noticed an orc warrior
  3934 | D:3      | Killed an orc warrior
  3935 | D:3      | Reached XP level 6. HP: 13/51 MP: 8/8
  4426 | D:4      | Found a staircase to the Ecumenical Temple.
  4752 | D:4      | Noticed a steam dragon
  4983 | D:4      | Killed from afar by a steam dragon

Illustrated notes

Levels and vault maps discovered:
D:1:      lordsloth_arrival_two_stooges, layout_basic, serial_shops,
          nicolae_shop_trees, shop, shop, shapermc_ecumenical_altar_petra
D:2:      layout_basic, serial_bayou_lagoon_a, minmay_snake_closets
D:3:      layout_loops_ring, uniq_terence
D:4:      layout_basic, minmay_temple_entry_butterflies, minmay_manual_mail

Skill      XL: |  1  2  3  4  5  6 |
---------------+-------------------+-----
Fighting       | 1 2 3 |  3.9
Crossbows      | 2 |  2.0
Armour         | 3 4 |  4.0
Dodging        | 3 |  3.0
Shields        | 3 4 |  4.0
Evocations     | |  1.0

Action                   |  1- 3 |  4- 6 || total
-------------------------+-------+-------++-------
Melee: Falchion          |    34 |   258 ||   292
       Eveningstar       |       |    26 ||    26
 Fire: Hand crossbow     |    96 |       ||    96
Throw: Dart              |       |     5 ||     5
       Throwing net      |       |     1 ||     1
  Use: Potion            |     1 |     3 ||     4
       Scroll            |       |     8 ||     8
Armor: Ring mail         |    45 |    72 ||   117
       Skin              |     2 |       ||     2
       Chain mail        |       |    88 ||    88
Dodge: Dodged            |    39 |   147 ||   186
Block: Buckler           |    17 |   111 ||   128

Table legend: (Time is in decaauts)
 A = Elapsed time spent in this place.
 B = Non-inter-level travel time spent in this place.
 C = Inter-level travel time spent in this place.
 D = Time resting spent in this place.
 E = Time spent auto-exploring this place.
 F = Levels seen in this place.
 G = Mean time per level.
                   A        B        C        D        E       F      G
               +--------+--------+--------+--------+--------+-----+--------+
         Total |   5163 |   4868 |    295 |    372 |   3305 |   4 | 1290.8 |
       Dungeon |   5163 |   4868 |    295 |    372 |   3305 |   4 | 1290.8 |
               +--------+--------+--------+--------+--------+-----+--------+

Top non-repeatable levels by time:
     D:2: 2178 daAuts
     D:3: 1343 daAuts
     D:1: 878 daAuts
     D:4: 763 daAuts
